 Dungeon Crawl Stone Soup version 0.19-a0-1185-gacb3972 (webtiles) character file.

28 Ijustatesigmund the Chopper (level 3, 28/29 HPs)
             Began as a Demonspawn Berserker on Aug 18, 2016.
             Was a Follower of Trog.
             Quit the game on level 1 of the Dungeon.
             The game lasted 00:02:50 (902 turns).

Ijustatesigmund the Chopper (Demonspawn Berserker)   Turns: 902, Time: 00:02:51

Health: 28/29      AC:  8    Str: 17    XL:     3   Next: 0%
Magic:  3/3        EV:  7    Int:  8    God:    Trog [*.....]
Gold:   103        SH:  0    Dex: 13    Spells: 0 memorised, 2 levels left

rFire  . . .     SeeInvis .     a - +0 hand axe
rCold  . . .     Gourm    .     k - +0 chain mail
rNeg   . . .     Faith    .     (no shield)
rPois  +         Spirit   .     (no helmet)
rElec  .         Dismiss  .     (no cloak)
rCorr  .         Reflect  .     (no gloves)
MR     .....     Harm     .     (no boots)
Stlth  ..........               (no amulet)
                                d - ring of poison resistance
                                f - ring of stealth

@: no status effects
A: hooves 1, rot immunity
a: Berserk, Burn Spellbooks, Renounce Religion


You were on level 1 of the Dungeon.
You worshipped Trog.
Trog was aware of your devotion.
You were not hungry.

You visited 1 branch of the dungeon, and saw 1 of its levels.

You collected 103 gold pieces.

Inventory:

Hand Weapons
 a - a +0 hand axe (weapon)
Armour
 k - a +0 chain mail (worn)
Jewellery
 b - an uncursed ring of wizardry {unknown}
 d - a ring of poison resistance (right hand)
 f - a ring of stealth (left hand)
Scrolls
 i - 2 scrolls of teleportation
Potions
 e - a potion of degeneration {unknown}
 g - a potion of resistance {unknown}
 h - 2 potions of haste {unknown}
Comestibles
 c - a bread ration


   Skills:
 + Level 3.4 Fighting
 * Level 3.4 Axes
 - Level 1.7 Armour
 - Level 1.7 Dodging


You had 2 spell levels left.
You didn't know any spells.

Dungeon Overview and Level Annotations

Branches:
Dungeon (1/15)

Altars:


Innate Abilities, Weirdness & Mutations

You have large cloven feet.
You are immune to rotting.


Message History

A ball python comes into view.
The ball python hisses angrily.
You can no longer call upon Trog for regeneration and protection from hostile enchantments.
The ball python bites you but does no damage.
The ball python grabs you. The ball python constricts you.
You hit the ball python.
You kick the ball python, but do no damage.
The ball python is severely wounded.
The ball python bites you but does no damage.
The ball python constricts you. The ball python barely misses you.
The ball python constricts you.
You hit the ball python.
You kill the ball python!
Trog accepts your kill.
You have reached level 3!
Your experience leads to an increase in your attributes!
Increase (S)trength, (I)ntelligence, or (D)exterity?
You feel agile.
Your demonic ancestry asserts itself...
You feel immune to rotting.
Are you sure you want to abandon this character and quit the game? (Confirm with "yes".)

.....# #............#
#.# *, .....#
#............## #.# *,
.....# #.....[.......#
#.# *, .....#
#.............# #.# *,
.....#
#.............###.###*,
.....#
#.....>.............#*,
.....#
#.....g.......###.#.#*,
.....#
#.............###.#.#*,
.....#
####..@........##.#.#*,
.....#
#.#.###.###..#.#.#*,
.....#
#.#...#.#......#.#*,
.....#
#.###.###.#.##.#.#*,
.....#
#..,#.#...#.(..).#*,
.....#
#.####'####......#*,
######
#.#...#.#...#..#.##,
#.#.###.###.#.....#,
##...#.#...#.##.#####


You could see a goblin.

Vanquished Creatures
  2 dart slugs (D:1)
  2 giant geckos (D:1)
  A ball python (D:1)
  3 hobgoblins (D:1)
  3 kobolds (D:1)
  7 bats (D:1)
  4 rats (D:1)
22 creatures vanquished.

Notes
Turn   | Place    | Note
-------+----------+-------------------------------------------
     0 | D:1      | Ijustatesigmund the Demonspawn Berserker began the quest for the Orb.
     0 | D:1      | Reached XP level 1. HP: 18/18 MP: 1/1
   287 | D:1      | Gained mutation: You have large cloven feet. [demonic ancestry]
   287 | D:1      | Reached XP level 2. HP: 23/24 MP: 2/2
   774 | D:1      | Reached ** piety under Trog
   901 | D:1      | Gained mutation: You are immune to rotting. [demonic ancestry]
   901 | D:1      | Reached XP level 3. HP: 28/29 MP: 3/3
   902 | D:1      | Quit the game

Vault maps used:
D:1:      dpeg_arrival_long_road, roderic_bipointed_swastika,
          minmay_tromino_v4_a

Skill      XL: |  1 |
---------------+----+-----
Axes           | 3 |  3.4
Fighting       | |  3.4
Armour         | |  1.7
Dodging        | |  1.7

Action                   || total
-------------------------++-------
Melee: Hand axe          ||    69
       Kick              ||     6
  Use: Scroll            ||     6
 Stab: Sleeping          ||     5
Armor: Animal skin       ||     7
       Chain mail        ||     7
Dodge: Dodged            ||    41
